 Dungeon Sprint DCSS version 0.26-a0-690-gcb57259078 (webtiles) character file.

Game seed: 4661814692089421813

29534 mhtbhm the Phalangite (level 13, 0/145 HPs)
             Began as a Minotaur Berserker on Oct 24, 2020.
             Was the Champion of Trog.
             Slain by a nagaraja
             ... wielding a +0 club
              (4 damage)
             ... in the Dungeon (Sprint IX: "|||||||||||||||||||||||||||||").
             The game lasted 00:07:18 (3099 turns).

mhtbhm the Phalangite (Minotaur Berserker)          Turns: 3099, Time: 00:07:18

Health: 0/145      AC: 16    Str: 33    XL:     13   Next: 15%
Magic:  12/12      EV: 11    Int:  4    God:    Trog [******]
Gold:   380        SH:  5    Dex: 10    Spells: 12/12 levels left

rFire    . . .     SeeInvis .   a - +4 glaive (vorpal)
rCold    + . .     Faith    .   (shield currently unavailable)
rNeg     . . .     Spirit   .   b - +2 scale mail {rC+}
rPois    +         Reflect  +   (helmet restricted)
rElec    .         Harm     .   l - +0 cloak
rCorr    .         Rampage  .   m - +0 pair of gloves
MR       .....     NoTele   +   (no boots)
Stlth    +.........             x - amulet of reflection
HPRegen  0.34/turn              o - ring of poison resistance
MPRegen  0.13/turn              y - +6 ring of strength

@: lethally poisoned (0 -> -4), berserk cooldown, slowed, constricted, very slow
A: retaliatory headbutt, horns 2
a: Berserk, Trog's Hand, Brothers in Arms, Renounce Religion


You were in the Dungeon.
You worshipped Trog.
Trog was exalted by your worship.
You visited 1 branch You collected 1829 gold pieces.
You spent 1449 gold pieces at shops.

Inventory:

Hand Weapons
 a - a +4 vorpal glaive (weapon)
 u - the +9 dire flail "Docue" {flame, rPois rF+ Str-2 Stlth+}
   (Trog gifted it to you in the Dungeon)

   It has been specially enchanted to burn those struck by it, causing extra
   injury to most foes and up to half again as much damage against particularly
   susceptible opponents.
   It affects your strength (-2).
   It protects you from fire.
   It protects you from poison.
   It makes you more stealthy.
Missiles
 C - 14 javelins (quivered)
Armour
 b - a +2 scale mail of cold resistance (worn)
 l - a +0 cloak (worn)
 m - a +0 pair of gloves (worn)
Jewellery
 n - a +2 ring of protection
 o - a ring of poison resistance (left hand)
 x - an amulet of reflection (around neck)
 y - a +6 ring of strength (right hand)
 z - an uncursed ring of fire
 A - an uncursed ring of magical power
 B - an uncursed ring of protection from fire
Wands
 k - a wand of acid (8)
Scrolls
 h - 2 scrolls of blinking
 j - 3 scrolls of remove curse
 q - 3 scrolls of identify
 r - 6 scrolls of enchant armour
 s - 4 scrolls of fear
 t - 2 scrolls of enchant weapon
 v - a scroll of summoning
Potions
 c - 8 potions of curing
 d - 6 potions of heal wounds
 e - a potion of haste
 f - 4 potions of magic
 g - 2 potions of berserk rage
 i - a potion of invisibility
 p - a potion of might
Miscellaneous
 w - a condenser vane (2/2)


   Skills:
 + Level 22.0 Fighting
 + Level 24.6 Polearms
 + Level 16.9 Armour
 + Level 8.9 Dodging
 + Level 3.8 Stealth
 + Level 3.8 Evocations


You had 12 spell levels left.
You didn't know any spells.
Your spell library was empty.

Dungeon Overview and Level Annotations

Branches:
Dungeon (1/1)

Altars:
Cheibriados
Dithmenos
Elyvilon
Fedhas
Gozag
Hepliaklqana
Kikubaaqudgha
Makhleb
Nemelex Xobeh
Okawaru
Qazlal
Ru
Sif Muna
Trog
Uskayaw
Vehumet
Wu Jian
Xom
Yredelemnul
Zin
The Shining One
Beogh
Jiyva
Lugonu

Shops:
D ==(}


Innate Abilities, Weirdness & Mutations

You reflexively headbutt those who attack you in melee.
You have a pair of horns on your head.


Message History

The bolt of poison hits you! You resist.
* * * LOW HITPOINT WARNING * * *
x2 The nagaraja constricts you.
You carve the nagaraja like a ham!!!
You headbutt the nagaraja, but do no damage.
The nagaraja is severely wounded.
You feel sick. The nagaraja hits you with a +0 club!!
* * * LOW HITPOINT WARNING * * *
x2 The nagaraja constricts you.
Unknown command.
You barely miss the nagaraja. Your headbutt misses the nagaraja.
The nagaraja is severely wounded.
The nagaraja spits poison at you.
The splash of poison hits you but does no damage.
You are more poisoned.
You resist.
* * * LOW HITPOINT WARNING * * *
The nagaraja constricts you.
The nagaraja hits you but does no damage.
You die...

.)))))[))......))))))).....))).))
▓▓▓▓▓▓▓▓▓▓▓▓▓▓▓▓▓▓▓▓▓▓▓▓▓▓▓▓▓▓▓▓▓
.................................
▓▓▓▓▓▓▓▓▓▓▓▓▓▓▓▓▓▓▓▓▓▓▓▓▓▓▓▓▓▓▓▓▓
...)))))))).[[[[[[[[....!.....))÷
▓▓▓▓▓▓▓▓▓▓▓▓▓▓▓▓▓▓▓▓▓▓▓▓▓▓▓▓▓▓▓▓▓
.))))..))†.......................
▓▓▓▓▓▓▓▓▓▓▓▓▓▓▓▓▓▓▓▓▓▓▓▓▓▓▓▓▓▓▓▓▓
...))))())..)†))@N§†§☼.+
▓▓▓▓▓▓▓▓▓▓▓▓▓▓▓▓▓▓▓▓▓▓▓▓


You could see a nagaraja (fast, poisoned, catching breath).

Vanquished Creatures
  Saint Roka (D)
  A fire giant (D)
  Azrael (D)
  A merfolk javelineer (D)
  A merfolk impaler (D)
  A fire dragon (D)
  A great orb of eyes (D)
  A naga warrior (D)
  A centaur warrior (D)
  Erica (D)
  A merfolk aquamancer (D)
  An ogre mage (D)
  A deep troll shaman (D)
  A deep troll earth mage (D)
  An orc high priest (D)
  2 shock serpents (D)
  A naga sharpshooter (D)
  2 unseen horrors (D)
  A salamander mystic (D)
  3 lindwurms (D)
  An orc knight (D)
  A cyclops (D)
  3 ugly things (D)
  5 orc sorcerers (D)
  A merfolk siren (D)
  2 black mambas (D)
  3 cane toads (D)
  2 komodo dragons (D)
  A polar bear (D)
  3 merfolk (D)
  A troll (D)
  A tyrant leech (D)
  A blink frog (D)
  A snapping turtle (D)
  Eustachio (D)
  3 yaks (D)
  A vampire mosquito (D)
  A naga (D)
  2 water moccasins (D)
  3 hell hounds (D)
  13 orc warriors (D)
  An ogre (D)
  An eye of draining (D)
  3 wolves (D)
  2 centaurs (D)
  5 bullfrogs (D)
  A killer bee (D)
  A quasit (D)
  2 orc priests (D)
  11 orc wizards (D)
  A gnoll (D)
  A white imp (D)
  An adder skeleton (D)
  An adder zombie (D)
  4 worms (D)
  13 orcs (D)
  A giant cockroach (D)
  A quokka (D)
  2 frilled lizards (D)
  A goblin (D)
  A jackal skeleton (D)
  A kobold (D)
  A quokka zombie (D)
130 creatures vanquished.

Notes
Turn   | Place    | Note
-------+----------+-------------------------------------------
     0 | D        | mhtbhm the Minotaur Berserker began the quest for the Orb.
     0 | D        | Reached XP level 1. HP: 19/19 MP: 0/0
     9 | D        | Reached ** piety under Trog
    16 | D        | Reached skill level 4 in Polearms
    30 | D        | Noticed a quasit
    32 | D        | Reached skill level 5 in Fighting
    36 | D        | Killed a quasit
    36 | D        | Reached *** piety under Trog
    36 | D        | Reached skill level 5 in Polearms
    36 | D        | Reached XP level 2. HP: 31/31 MP: 1/1
    36 | D        | Reached XP level 3. HP: 38/38 MP: 2/2
    48 | D        | Reached skill level 6 in Polearms
    55 | D        | Found a roughly hewn altar of Beogh.
    55 | D        | Found a snail-covered altar of Cheibriados.
    55 | D        | Found a shadowy altar of Dithmenos.
    55 | D        | Found a white marble altar of Elyvilon.
    55 | D        | Found a blossoming altar of Fedhas.
    55 | D        | Found an opulent altar of Gozag.
    56 | D        | Found a hazy altar of Hepliaklqana.
    57 | D        | Found a viscous altar of Jiyva.
    58 | D        | Found an ancient bone altar of Kikubaaqudgha.
    59 | D        | Found a corrupted altar of Lugonu.
    60 | D        | Found a burning altar of Makhleb.
    61 | D        | Found a sparkling altar of Nemelex Xobeh.
    62 | D        | Found an iron altar of Okawaru.
    63 | D        | Found a stormy altar of Qazlal.
    64 | D        | Found a sacrificial altar of Ru.
    65 | D        | Found a shimmering blue altar of Sif Muna.
    66 | D        | Found a bloodstained altar of Trog.
    67 | D        | Found a hide-covered altar of Uskayaw.
    68 | D        | Found a radiant altar of Vehumet.
    69 | D        | Found an ornate altar of the Wu Jian Council.
    70 | D        | Found a shimmering altar of Xom.
    71 | D        | Found a basalt altar of Yredelemnul.
    72 | D        | Found a glowing silver altar of Zin.
    73 | D        | Found a glowing golden altar of the Shining One.
   129 | D        | Noticed a centaur
   129 | D        | Noticed a yak
   129 | D        | Noticed an ogre
   132 | D        | Killed a centaur
   132 | D        | Reached **** piety under Trog
   132 | D        | Reached skill level 7 in Polearms
   132 | D        | Reached XP level 4. HP: 49/49 MP: 3/3
   136 | D        | Killed a yak
   136 | D        | Reached skill level 10 in Fighting
   136 | D        | Reached skill level 10 in Polearms
   136 | D        | Reached skill level 5 in Armour
   136 | D        | Reached XP level 5. HP: 58/58 MP: 4/4
   136 | D        | Reached XP level 6. HP: 66/66 MP: 5/5
   140 | D        | Reached skill level 5 in Dodging
   143 | D        | Reached skill level 11 in Polearms
   144 | D        | Reached ***** piety under Trog
   205 | D        | Received a gift from Trog
   205 | D        | Reached XP level 7. HP: 60/74 MP: 1/6
   207 | D        | Reached skill level 12 in Polearms
   215 | D        | Killed an unseen horror
   215 | D        | Reached skill level 13 in Polearms
   215 | D        | Reached skill level 1 in Stealth
   215 | D        | Reached XP level 8. HP: 67/86 MP: 2/7
   219 | D        | Got an ivory great mace {god gift}
   220 | D        | Identified the +1 great mace of Mutumon {flame, rElec}
                  | (Trog gifted it to you in the Dungeon)
   403 | D        | Noticed a cane toad
   403 | D        | Noticed a polar bear
   403 | D        | Noticed a komodo dragon
   405 | D        | Noticed a blink frog
   407 | D        | Killed a cane toad
   407 | D        | Reached skill level 14 in Polearms
   415 | D        | Killed a polar bear
   415 | D        | Reached skill level 15 in Polearms
   419 | D        | Killed a komodo dragon
   419 | D        | Received a gift from Trog
   420 | D        | Reached ****** piety under Trog
   420 | D        | Reached XP level 9. HP: 78/95 MP: 8/8
   426 | D        | Reached skill level 16 in Polearms
   454 | D        | Got a jewelled dire flail {god gift}
   456 | D        | Identified the +9 dire flail "Docue" {flame, rPois rF+
                  | Str-2 Stlth+} (Trog gifted it to you in the Dungeon)
   681 | D        | Noticed a komodo dragon
   681 | D        | Noticed a cane toad
   682 | D        | Noticed a cane toad
   686 | D        | Killed a komodo dragon
   686 | D        | Reached skill level 15 in Fighting
   686 | D        | Reached skill level 17 in Polearms
   692 | D        | Killed a cane toad
   692 | D        | Received a gift from Trog
   695 | D        | Killed a cane toad
   697 | D        | Reached skill level 10 in Armour
   703 | D        | Reached XP level 10. HP: 106/106 MP: 9/9
   770 | D        | Noticed a lindwurm
   770 | D        | Noticed a lindwurm
   770 | D        | Noticed a lindwurm
   771 | D        | Received a gift from Trog
   774 | D        | Killed a lindwurm
   774 | D        | Reached skill level 18 in Polearms
   779 | D        | Killed a lindwurm
   784 | D        | Killed a lindwurm
   787 | D        | Reached skill level 19 in Polearms
  1067 | D        | Noticed Eustachio
  1078 | D        | Killed Eustachio
  1078 | D        | Received a gift from Trog
  1168 | D        | Received a gift from Trog
  1217 | D        | Noticed an orc high priest
  1224 | D        | Killed an orc high priest
  1229 | D        | Received a gift from Trog
  1239 | D        | Reached skill level 20 in Polearms
  1245 | D        | Noticed an orc knight
  1252 | D        | Killed an orc knight
  1252 | D        | Received a gift from Trog
  1253 | D        | Reached XP level 11. HP: 47/117 MP: 10/10
  1589 | D        | Found Jeacem's Jewellery Emporium.
  1589 | D        | Noticed an orc sorcerer
  1589 | D        | Noticed an orc sorcerer
  1592 | D        | Killed an orc sorcerer
  1592 | D        | Received a gift from Trog
  1594 | D        | Killed an orc sorcerer
  1595 | D        | Found Feghim's Jewellery Shoppe.
  1598 | D        | Found Jun Puadd's Weapon Emporium.
  1602 | D        | Received a gift from Trog
  1635 | D        | Found Rapnazo's Gadget Shoppe.
  1637 | D        | Noticed an orc sorcerer
  1639 | D        | Noticed an orc sorcerer
  1640 | D        | Noticed an orc sorcerer
  1644 | D        | Killed an orc sorcerer
  1648 | D        | Killed an orc sorcerer
  1648 | D        | Reached skill level 21 in Polearms
  1649 | D        | Killed an orc sorcerer
  1649 | D        | Received a gift from Trog
  1680 | D        | Bought a condenser vane (2/2) for 240 gold pieces
  1688 | D        | Bought an uncursed amulet of reflection for 390 gold pieces
  1690 | D        | Bought a +6 ring of strength for 819 gold pieces
  1939 | D        | Noticed a purple ugly thing
  1939 | D        | Noticed a centaur warrior
  1939 | D        | Noticed a green ugly thing
  1945 | D        | Killed a purple ugly thing
  1946 | D        | Noticed a fire dragon
  1946 | D        | Received a gift from Trog
  1947 | D        | Killed a centaur warrior
  1947 | D        | Reached skill level 1 in Evocations
  1947 | D        | Noticed a fire giant
  1948 | D        | Noticed a white ugly thing
  1952 | D        | Killed a green ugly thing
  1952 | D        | Noticed a great orb of eyes
  1957 | D        | Killed an unseen horror
  1964 | D        | Killed a fire dragon
  1964 | D        | Reached skill level 22 in Polearms
  1964 | D        | Noticed an ogre mage
  1968 | D        | Killed a fire giant
  1968 | D        | Received a gift from Trog
  1973 | D        | Killed a white ugly thing
  1974 | D        | Killed a great orb of eyes
  1975 | D        | Noticed a deep troll shaman
  1978 | D        | Noticed a deep troll earth mage
  1979 | D        | Killed an ogre mage
  1979 | D        | Reached XP level 12. HP: 34/130 MP: 11/11
  1984 | D        | HP: 4/130 [deep troll shaman (8)]
  1986 | D        | Killed a deep troll shaman
  1988 | D        | Killed a deep troll earth mage
  1988 | D        | Received a gift from Trog
  2335 | D        | Noticed Azrael
  2337 | D        | Reached skill level 23 in Polearms
  2348 | D        | Killed Azrael
  2348 | D        | Reached skill level 15 in Armour
  2353 | D        | Noticed Saint Roka
  2354 | D        | Noticed Erica
  2357 | D        | Received a gift from Trog
  2368 | D        | Killed Saint Roka
  2374 | D        | Killed Erica
  2649 | D        | Noticed a merfolk impaler
  2649 | D        | Noticed a merfolk javelineer
  2649 | D        | Noticed a merfolk aquamancer
  2654 | D        | Received a gift from Trog
  2660 | D        | Killed a merfolk impaler
  2664 | D        | Killed a merfolk aquamancer
  2666 | D        | Killed a merfolk javelineer
  2666 | D        | Reached skill level 24 in Polearms
  2678 | D        | Received a gift from Trog
  3062 | D        | Noticed a naga warrior
  3073 | D        | Reached XP level 13. HP: 134/145 MP: 12/12
  3078 | D        | Received a gift from Trog
  3081 | D        | Noticed a nagaraja
  3092 | D        | Received a gift from Trog
  3099 | D        | HP: 4/145 [nagaraja/+0 club (4)]
  3099 | D        | Slain by a nagaraja

Illustrated notes

Levels and vault maps discovered:
D:        linesprint [early_d, line_temple, items_1, d_10, items_2, lair_1,
          lair_end, items_3, orc_1, orc_end, items_4, d_15, swamp_1, shoals_1,
          snake_1, spider_1, d_20, vaults_1, items_5, swamp_end, shoals_end,
          snake_end, spider_end, vaults_end, d_27, items_6, zot_1, zot_end,
          crypt_end, forest_end, elf_end, slime_end, tomb_end, abyss_end,
          pan_hell_end]

Skill      XL: |  1  2  3  4  5  6  7  8  9 10 11 12 13 |
---------------+----------------------------------------+-----
Fighting       | 6 8 10 11 13 14 15 17 19 21 22 | 22.0
Polearms       | 5 7 10 11 13 15 17 20 22 24 | 24.6
Armour         | 3 4 5 6 8 10 12 14 16 | 16.9
Dodging        | 3 4 5 6 7 8 |  8.9
Stealth        | 1 2 3 |  3.8
Evocations     | 2 3 |  3.8

Action                   |  1- 3 |  4- 6 |  7- 9 | 10-12 | 13-15 || total
-------------------------+-------+-------+-------+-------+-------++-------
Melee: Spear             |    29 |       |       |       |       ||    29
       Headbutt          |     3 |     5 |     6 |    32 |     6 ||    52
       Halberd           |     1 |    26 |    60 |       |       ||    87
       Glaive            |       |       |       |   173 |    21 ||   194
       Bardiche          |       |       |       |    22 |       ||    22
Invok: Berserk           |     2 |       |     2 |     9 |       ||    13
Evoke: Wand              |       |       |       |     2 |       ||     2
       Condenser vane    |       |       |       |     3 |     1 ||     4
  Use: Potion            |       |     1 |       |     3 |       ||     4
 Stab: Sleeping          |     1 |       |       |       |       ||     1
       Confused          |       |       |       |     1 |       ||     1
Armor: Animal skin       |     1 |       |       |       |       ||     1
       Plate armour      |     1 |    11 |    19 |    18 |       ||    49
       Scale mail        |       |       |       |    13 |     3 ||    16
Dodge: Dodged            |     8 |     4 |    12 |    54 |     7 ||    85
Block: Other             |       |       |       |     9 |     4 ||    13
       Reflection        |       |       |       |     2 |     2 ||     4

Table legend: (Time is in decaauts)
 A = Elapsed time spent in this place.
 B = Non-inter-level travel time spent in this place.
 C = Inter-level travel time spent in this place.
 D = Time resting spent in this place.
 E = Time spent auto-exploring this place.
 F = Levels seen in this place.
 G = Mean time per level.
                   A        B        C        D        E       F      G
               +--------+--------+--------+--------+--------+-----+--------+
         Total |   3095 |   3095 |      0 |   1442 |    729 |   1 | 3095.0 |
       Dungeon |   3095 |   3095 |      0 |   1442 |    729 |   1 | 3095.0 |
               +--------+--------+--------+--------+--------+-----+--------+

Top non-repeatable levels by time:
       D: 3095 daAuts
